 Dungeon Crawl Stone Soup version 0.32-a0-18-g89e19f1974 (webtiles) character file.

Game seed: 2289431808327495702

2993 Bnni the Toxicologist (level 9, -3/63 HPs)
             Began as an Octopode Alchemist on Jan 15, 2024.
             Was an Initiate of Gozag.
             Slain by a gnoll sergeant
             ... wielding a +0 trident
              (7 damage)
             ... on level 6 of the Dungeon on Jan 16, 2024.
             The game lasted 00:17:40 (6862 turns).

Bnni the Toxicologist (Octopode Alchemist)          Turns: 6862, Time: 00:17:41

Health: -3/63      AC:  3    Str:  7    XL:     9   Next: 83%
Magic:  18/18      EV: 14    Int: 21    God:    Gozag
Gold:   141        SH:  5    Dex: 13    Spells: 6/20 levels left

rFire   . . .        y - +0 spear (venom)
rCold   . . .        l - orb {*Rage}
rNeg    . . .        (helmet restricted)
rPois   .            p - amulet of reflection
rElec   .            e - ring of see invisible
rCorr   .            (no ring)
SInv    +            (no ring)
Will    .....        (no ring)
Stlth   +++          (no ring)
HPRegen 0.30/turn    (no ring)
MPRegen 0.16/turn    (no ring)
                     (no ring)

%: random rage (20%), reflection
@: mighty, brilliant, radiating poison, gold aura, hasted, very quick
A: almost no armour, amphibious, 8 rings, camouflage 1, gelatinous body 1,
(nimble swimmer 1), tentacles, iridescent scales 1, evolution 1, subdued magic
1, MP-powered wands
a: Renounce Religion, Potion Petition, Call Merchant, Bribe Branch


You were on level 6 of the Dungeon.
You worshipped Gozag.
Gozag was aware of your devotion.
You visited 2 branches of the dungeon, and saw 7 of its levels.

You collected 676 gold pieces.
You paid 535 gold pieces to Gozag.

Inventory:

Hand Weapons
 w - a +4 spear
 y - a +0 spear of venom (weapon)
Armour
 b - a +0 buckler
 l - an orb of wrath (worn)
Jewellery
 e - a ring of see invisible (left tentacle)
 p - an amulet of reflection (around mantle)
Wands
 k - a wand of mindburst (16)
Scrolls
 g - 3 scrolls of fog
 h - 4 scrolls of teleportation
 j - 2 scrolls of enchant armour {unknown}
 n - 3 scrolls of amnesia
 o - 3 scrolls of identify {unknown}
 q - 2 scrolls of fear {unknown}
 r - a scroll of vulnerability {unknown}
 s - 2 scrolls of immolation {unknown}
 t - 2 scrolls of noise {unknown}
 x - a scroll of silence {unknown}
Potions
 a - 2 potions of magic
 d - 4 potions of curing {unknown}
 u - a potion of berserk rage {unknown}
 v - a potion of lignification {unknown}


   Skills:
 + Level 6.3 Fighting
 + Level 3.6 Dodging
 - Level 2.6 Stealth
 + Level 6.2 Spellcasting
 - Level 1.0 Conjurations
 * Level 10.6 Alchemy


You had 6 spell levels left.
You knew the following spells:

 Your Spells              Type           Power      Damage    Failure   Level
a - Sting                 Conj/Alch      100%       1d9       1%          1
b - Mercury Vapours       Alch/Air       66%        N/A       1%          2
c - Mephitic Cloud        Conj/Alch/Air  26%        N/A       4%          3
d - Olgreb's Toxic Radia  Alch           56%        N/A       1%          4
f - Sticky Flame          Fire/Alch      33%        2d7       9%          4

Your spell library contained the following spells:

 Spells                   Type           Power      Damage    Failure   Level
 Foxfire                  Conj/Fire      36%        2x1d5     6%          1
 Summon Small Mammal      Summ           28%        N/A       8%          1
 Call Canine Familiar     Summ           7%         N/A       24%         3
 Summon Blazeheart Golem  Fire/Summ      7%         N/A       63%         4
 Plasma Beam              Fire/Air       3%         2x1d13    100%        6
 Starburst                Conj/Fire      4%         6d4       100%        6
 Malign Gateway           Summ/Tloc      3%         N/A       100%        7
 Summon Horrible Things   Summ           3%         N/A       100%        8


Dungeon Overview and Level Annotations

Branches:
Dungeon (6/15)             Temple (1/1) D:5

Altars:
Ashenzari
Cheibriados
Elyvilon
Fedhas
Gozag
Hepliaklqana
Kikubaaqudgha
Makhleb
Nemelex Xobeh
Okawaru
Qazlal
Sif Muna
Trog
Uskayaw
Wu Jian
Xom
Yredelemnul
Zin
The Shining One

Shops:
D:6 [

Annotations:
D:6 1 transporter, temujin's ghost, novice HuMo


Innate Abilities, Weirdness & Mutations

You cannot wear most types of armour.
You are amphibious.
You can wear up to eight rings at the same time.
Your skin changes colour to match your surroundings (Stealth+).
Your rubbery body absorbs attacks. (AC +1, EV +1)
((You are camouflaged when in or above water. (Stealth+)))
You have tentacles for arms and can constrict up to eight enemies at once.
You are partially covered in iridescent scales. (AC +2)
You have hidden genetic potential.
Your spells are a little easier to cast, but a little less powerful.
You expend magic power (3 MP) to strengthen your wands.


Message History

Unknown command.
Casting: Olgreb's Toxic Radiance (dangerous; 1% risk of failure)
Confirm with . or Enter, or press ? or * to list all spells.
You begin to radiate toxic energy.
The gnoll bouda is no longer distracted by gold.
The gnoll bouda is poisoned.
The gnoll is poisoned. x3
The gnoll bouda looks even sicker.
The gnoll looks even sicker.
The gnoll sergeant looks as sick as possible!
The gnoll bouda is distracted by your dazzling golden aura.
Temujin's ghost hits you!!
The gnoll sergeant hits you from afar with a +0 trident.
* * * LOW HITPOINT WARNING * * *
The gnoll misses you.
The gnoll bouda shouts!
Okay, then. [a] - 286 gold - heal wounds and magic [b] - 418 gold - might, brilliance, curing and magic [c] - 704 gold - resistance, invisibility, might and haste Purchase which effect? [a] - 286 gold - heal wounds and magic [b] - 418 gold - might, brilliance, curing and magic [c] - 704 gold - resistance, invisibility, might and haste Purchase which effect?
You don't have enough gold for that! [a] - 286 gold - heal wounds and magic [b] - 418 gold - might, brilliance, curing and magic [c] - 704 gold - resistance, invisibility, might and haste Purchase which effect?
You no longer have enough gold to petition Gozag for potion effects.
You feel very mighty all of a sudden.
You feel clever all of a sudden.
You feel better. Magic courses through your body.
The gnoll bouda is no longer distracted by gold.
The gnoll bouda looks even sicker.
The gnoll looks even sicker.
The gnoll sergeant looks as sick as possible!
The gnoll is distracted by your dazzling golden aura.
Temujin's ghost hits you!!
* * * LOW HITPOINT WARNING * * *
The gnoll sergeant hits you from afar with a +0 trident!
You die...
Your body crumbles into a pile of gold.

#.≈≈#gg#8###8#..#≈≈.#
#.≈≈##.###.###.##≈≈.#
#.≈≈#...........#≈≈.#
#.≈≈###.##g##.###≈≈.#
#.≈≈..#.#$$$#g#..≈≈.#
#.≈≈.##.#?..#g##.≈≈.#
#.≈≈(#..#?:=#g.#.≈≈.#
#.≈≈.##.#####.##.≈≈.#
#.....#g#8⌠8#@#..≈≈.#
#....©#)'.ggW.#©.~~.#
###.....#.#..g#.#..≈≈.#
#...≈≈.##.##.##$##.≈≈.##
##.#.≈≈.#..#...#.©#.≈≈..#
...#.≈≈.##.'.g.'.##.≈≈..#
.###.≈≈..#.#Pg.#.#..≈≈..#
)# #.≈≈###.##'##.###≈≈..#
.###.≈≈#...........#≈≈..#


You could see 2 gnoll sergeants, a gnoll bouda (very poisoned), temujin's ghost
and 4 gnolls.

Vanquished Creatures
  Pikel (D:6)
  Jeremiah (D:6)
  Eustachio (D:5)
  Edmund (D:6)
  2 water moccasins (D:6)
  A black bear (D:5)
  2 ogres (D:5)
  A centaur (D:5)
  A lemure (D:6)
  2 gnoll sergeants (D:6)
  2 scorpions
  5 wights (D:6)
  2 electric eels (D:6)
  A bombardier beetle (D:5)
  2 gnoll boudas
  An orc priest (D:4)
  3 hounds
  A jelly (D:5)
  2 sleepcaps (D:5)
  6 orc wizards
  3 iguanas
  17 gnolls
  3 adders
  2 white imps
  2 ufetubi (D:5)
  3 dart slugs
  4 ribbon worms
  13 orcs
  4 bats (D:1)
  6 endoplasms
  5 giant cockroaches
  4 goblins
  6 hobgoblins
  6 jackals
  3 quokkas (D:4)
  14 ball pythons
  4 frilled lizards
  5 kobolds
  4 rats
146 creatures vanquished.

Notes
Turn   | Place    | Note
-------+----------+-------------------------------------------
     0 | D:1      | Bnni the Octopode Alchemist began the quest for the Orb.
     0 | D:1      | Reached XP level 1. HP: 11/11 MP: 3/3
   135 | D:1      | Reached XP level 2. HP: 17/18 MP: 3/5
   347 | D:1      | Upgraded the game from 0.32-a0-13-gbaedc5810e to
                  | 0.32-a0-18-g89e19f1974
   436 | D:1      | Reached skill level 1 in Fighting
   522 | D:1      | Reached skill level 4 in Alchemy
   522 | D:1      | Reached XP level 3. HP: 23/23 MP: 3/6
  1054 | D:1      | Learned a level 2 spell: Mercury Vapours
  1225 | D:2      | Reached XP level 4. HP: 28/28 MP: 4/7
  1849 | D:3      | Learned a level 4 spell: Olgreb's Toxic Radiance
  1918 | D:3      | Found a shimmering blue altar of Sif Muna.
  2242 | D:3      | Reached XP level 5. HP: 34/34 MP: 4/9
  2417 | D:3      | Reached skill level 5 in Alchemy
  2455 | D:3      | Found a blossoming altar of Fedhas.
  3228 | D:4      | Reached XP level 6. HP: 41/41 MP: 3/10
  3397 | D:4      | Learned a level 3 spell: Mephitic Cloud
  3464 | D:4      | Reached skill level 6 in Alchemy
  4283 | D:5      | Entered Level 5 of the Dungeon
  4323 | D:5      | Reached XP level 7. HP: 26/46 MP: 4/12
  4491 | D:5      | Reached skill level 7 in Alchemy
  4972 | D:5      | Found a staircase to the Ecumenical Temple.
  4978 | Temple   | Entered the Ecumenical Temple
  4983 | Temple   | Became a worshipper of Gozag Ym Sagoz the Greedy
  5006 | D:5      | Reached XP level 8. HP: 13/54 MP: 6/14
  5011 | D:5      | Learned a level 4 spell: Sticky Flame
  5348 | D:5      | Reached skill level 8 in Alchemy
  5440 | D:5      | Noticed Eustachio
  5451 | D:5      | Killed Eustachio
  5653 | D:6      | Noticed Pikel
  5665 | D:6      | Killed Pikel
  5666 | D:6      | Reached skill level 5 in Fighting
  5666 | D:6      | Reached skill level 5 in Spellcasting
  5666 | D:6      | Reached skill level 9 in Alchemy
  5666 | D:6      | Reached XP level 9. HP: 61/61 MP: 7/17
  5908 | D:6      | Found a snail-covered altar of Cheibriados.
  5912 | D:6      | Found a glowing silver altar of Zin.
  6013 | D:6      | Found Jisyo's Armour Boutique.
  6095 | D:6      | Noticed Edmund
  6117 | D:6      | Killed Edmund
  6177 | D:6      | Noticed Jeremiah
  6188 | D:6      | Killed Jeremiah
  6189 | D:6      | Reached skill level 10 in Alchemy
  6342 | D:6      | Found a transporter.
  6348 | D:6      | Identified the +0 trident of Xuifratt {chaos, rPois rC+
                  | rN++ Int+4}
  6585 | D:6      | Found a transporter.
  6597 | D:6      | Noticed temujin's ghost (novice HuMo)
  6842 | D:6      | Gained mutation: You expend magic power (3 MP) to
                  | strengthen your wands. [potion of mutation]
  6842 | D:6      | Gained mutation: You have hidden genetic potential. [potion
                  | of mutation]
  6842 | D:6      | Gained mutation: Your spells are a little easier to cast,
                  | but a little less powerful. [potion of mutation]
  6842 | D:6      | Gained mutation: You are partially covered in iridescent
                  | scales. (AC +2) [potion of mutation]
  6862 | D:6      | Slain by a gnoll sergeant

Illustrated notes

Levels and vault maps discovered:
D:1:      scummos_arrival_gate, layout_loops_cross, st_stairs_6
D:2:      minmay_chambers_of_twos, layout_loops_cross
D:3:      layout_basic, fedhas_altar_1, hellmonk_sif_muna_bookshelves
D:4:      layout_loops_cross, serial_bayou, serial_bayou_shore_b,
          serial_bayou_lagoon_a, serial_bayou_pond_d, serial_bayou_ford_a,
          minmay_misc_feat_cross
D:5:      layout_loops_ring, minmay_temple_entry_wispy, uniq_eustachio
D:6:      layout_rooms, nicolae_overflow_squiral, serial_shops,
          kennysheep_little_box, gammafunk_ghost_gnarly_gnolls, uniq_pikel,
          uniq_jeremiah, uniq_edmund
Temple:   minmay_freezing_vapour_temple

Skill      XL: |  1  2  3  4  5  6  7  8  9 |
---------------+----------------------------+-----
Fighting       | 1 2 3 4 5 6 |  6.3
Alchemy        | 4 5 6 7 9 10 | 10.6
Spellcasting   | 3 4 5 6 |  6.2
Dodging        | 3 |  3.6
Stealth        | |  2.6
Conjurations   | |  1.0

Action                     |  1- 3 |  4- 6 |  7- 9 || total
---------------------------+-------+-------+-------++-------
  Melee: Spear             |    41 |    30 |    44 ||   115
         Constrict         |    10 |     9 |    18 ||    37
         Tentacles         |     6 |     7 |    12 ||    25
         Punch             |       |     2 |     3 ||     5
         Whip              |       |       |    20 ||    20
         Trident           |       |       |    13 ||    13
   Cast: Sting             |    45 |    93 |    69 ||   207
         Mercury Vapours   |     1 |       |     1 ||     2
         Olgreb's Toxic Ra |       |     5 |    17 ||    22
         Mephitic Cloud    |       |       |     5 ||     5
         Sticky Flame      |       |       |     4 ||     4
 Invoke: Potion Petition   |       |       |     1 ||     1
    Use: Scroll            |       |     3 |       ||     3
         Potion            |       |       |     4 ||     4
   Stab: Sleeping          |     1 |       |       ||     1
         Confused          |       |       |     4 ||     4
 Armour: Skin              |    18 |    31 |    64 ||   113
  Dodge: Dodged            |    28 |    47 |    69 ||   144

Table legend: (Time is in decaauts)
 A = Elapsed time spent in this place.
 B = Non-inter-level travel time spent in this place.
 C = Inter-level travel time spent in this place.
 D = Time resting spent in this place.
 E = Time spent auto-exploring this place.
 F = Levels seen in this place.
 G = Mean time per level.
                   A        B        C        D        E       F      G
               +--------+--------+--------+--------+--------+-----+--------+
         Total |   6996 |   6712 |    284 |    788 |   4805 |   7 |  999.4 |
       Dungeon |   6985 |   6705 |    280 |    788 |   4805 |   6 | 1164.2 |
        Temple |     10 |      6 |      4 |      0 |      0 |   1 |   10.0 |
               +--------+--------+--------+--------+--------+-----+--------+

Top non-repeatable levels by time:
     D:5: 1494 daAuts
     D:3: 1319 daAuts
     D:6: 1181 daAuts
     D:4: 1171 daAuts
     D:1: 1105 daAuts
     D:2: 714 daAuts
  Temple: 10 daAuts
